[Event "ICC tourney 2556 (25 5)"]
[Site "Internet Chess Club"]
[Date "2021.05.09"]
[Round "6"]
[White "PULIJALA, AKSHAJ:K05-16497860"]
[Black "CHEN, JOCELYN:K05-15671677"]
[Result "1/2-1/2"]
[ICCResult "Game drawn because neither player has mating material"]
[WhiteElo "1455"]
[BlackElo "1775"]
[Opening "Queen's pawn: Chigorin variation"]
[ECO "D00"]
[NIC "QP.08"]
[Time "13:31:03"]
[PlyCount "160"]
[TimeControl "1500+5"]

1. d4 d5 2. Nc3 Nf6 3. Bf4 e6 4. a3 c5 5. e3 a6 6. Nf3 Nc6 7. Be2 b5 8.
dxc5 Bxc5 9. O-O Bb7 10. Nd4 O-O 11. b4 Bd6 12. Nxc6 Bxc6 13. Bxd6 Qxd6 14.
Bf3 Qc7 15. Qd2 a5 16. Be2 Rfb8 17. Rfb1 a4 18. f3 Qb6 19. Qd4 Ne8 20. Qxb6
Rxb6 21. Nd1 Nd6 22. Nf2 Rbb8 23. Nd3 Ra7 24. Nc5 Nb7 25. Nxb7 Raxb7 26.
Bd3 e5 27. e4 dxe4 28. fxe4 f6 29. Rc1 Rd8 30. Re1 Rbd7 31. Re3 h5 32. Rf1
Kf7 33. Rf5 g6 34. Rf1 Ke6 35. Ref3 Rf8 36. Re3 Rd4 37. c3 Rd7 38. c4 bxc4
39. Bxc4+ Ke7 40. Rfe1 Rd2 41. R1e2 Rfd8 42. Rxd2 Rxd2 43. Be2 h4 44. Bf3
Bb5 45. Rc3 Kd7 46. Rc5 Bc6 47. b5 Bb7 48. Rc4 g5 49. Rxa4 Rb2 50. Ra5 Kc7
51. Ra4 Rxb5 52. Rc4+ Bc6 53. h3 Ra5 54. Rc3 Kb6 55. Rd3 Kc5 56. Rd8 Rxa3
57. Rf8 Kd4 58. Rxf6 Bxe4 59. Rd6+ Ke3 60. Bxe4 Kxe4 61. Rd1 Rd3 62. Re1+
Re3 63. Rd1 Rd3 64. Re1+ Kf5 65. Kf2 e4 66. Re2 Kf4 67. Re1 e3+ 68. Ke2
Rd2+ 69. Kf1 Ke4 70. Kg1 e2 71. Kf2 Kd3 72. Kf3 Rd1 73. Rxe2 Rf1+ 74. Rf2
Rxf2+ 75. Kxf2 Kd2 76. Kf3 Ke1 77. g3 hxg3 78. Kxg3 Kf1 79. Kg4 Kg2 80.
Kxg5 Kxh3 { Game drawn because neither player has mating material } 1/2-1/2

[Event "ICC tourney 2556 (25 5)"]
[Site "Internet Chess Club"]
[Date "2021.05.09"]
[Round "6"]
[White "J WANG, ALEXANDER:K05-15983386"]
[Black "JIANG, LUCAS:K05-16314627"]
[Result "1-0"]
[ICCResult "Black resigns"]
[WhiteElo "2124"]
[BlackElo "1953"]
[Opening "Ruy Lopez: Morphy defense"]
[ECO "C77"]
[NIC "RL.12"]
[Time "13:48:57"]
[PlyCount "139"]
[TimeControl "1500+5"]

1. e4 e5 2. Nf3 Nc6 3. Bb5 a6 4. Ba4 Nf6 5. d4 exd4 6. O-O Bc5 7. Re1 O-O
8. Bg5 h6 9. Bh4 g5 10. Bg3 d5 11. e5 Ne4 12. Bxc6 bxc6 13. Nxd4 Nxg3 14.
hxg3 Bd7 15. c3 Bb6 16. Nd2 c5 17. N4b3 Qe7 18. Nf1 Be6 19. Qh5 Kg7 20.
Rad1 f6 21. Qe2 Rae8 22. exf6+ Qxf6 23. Qe5 Qxe5 24. Rxe5 Kf6 25. Rde1 Bf7
26. Rxe8 Rxe8 27. Rxe8 Bxe8 28. Ne3 d4 29. cxd4 cxd4 30. Nc4 Ba7 31. Kf1
Bb5 32. Nd2 Ke6 33. Ke2 Kd5 34. Kd3 Bc5 35. b3 Be8 36. Ne4 Bg6 37. f3 Bb4
38. a3 Bc3 39. a4 Bb4 40. Nb2 Bd6 41. g4 Bb4 42. Nc4 Bc3 43. Na3 Ke5 44.
Nc4+ Kd5 45. Na3 Ba1 46. Nc2 Bc3 47. Na3 Bb2 48. Nb1 Ke5 49. Kc2 Bxe4+ 50.
fxe4 Ba1 51. Kd3 Bb2 52. Nd2 Bc3 53. Nf1 Kf4 54. Nh2 Kg3 55. Nf3 Kxg4 56.
Nxd4 Bb4 57. Nf5 Bf8 58. Ke3 Bc5+ 59. Kd3 Bf8 60. Kd4 h5 61. Ke3 h4 62. Kd4
h3 63. gxh3+ Kxh3 64. Ke3 g4 65. Kf4 Bh6+ 66. Nxh6 g3 67. Nf7 g2 68. Ng5+
Kh2 69. Nf3+ Kh1 70. e5 { Black resigns } 1-0

[Event "ICC tourney 2556 (25 5)"]
[Site "Internet Chess Club"]
[Date "2021.05.09"]
[Round "7"]
[White "BEARD, THEO:K05-16437551"]
[Black "PELES, ADAM:K05-15981861"]
[Result "0-1"]
[ICCResult "White checkmated"]
[WhiteElo "521"]
[BlackElo "1011"]
[Opening "Benko's opening"]
[ECO "A00"]
[NIC "VO.09"]
[Time "15:30:25"]
[PlyCount "26"]
[TimeControl "1500+5"]

1. g3 e5 2. Bg2 Nf6 3. d3 d5 4. Nf3 Nc6 5. O-O Be6 6. h3 Qd7 7. e4 d4 8. c3
Bxh3 9. Bxh3 Qxh3 10. cxd4 Ng4 11. dxe5 Ncxe5 12. Re1 Bc5 13. Bf4 Bxf2# {
White checkmated } 0-1

[Event "ICC tourney 2556 (25 5)"]
[Site "Internet Chess Club"]
[Date "2021.05.09"]
[Round "7"]
[White "STINGLEY, MAX:K05-16512763"]
[Black "ANDREW DOUGLAS MURPHY, JACK:K05-16368541"]
[Result "1-0"]
[ICCResult "Black checkmated"]
[WhiteElo "1020"]
[BlackElo "754"]
[Opening "King's pawn game"]
[ECO "C20"]
[NIC "KP.10"]
[Time "15:30:45"]
[PlyCount "61"]
[TimeControl "1500+5"]

1. e4 e5 2. b3 Nc6 3. Bb2 Bc5 4. Bc4 Qf6 5. Nf3 Nge7 6. d3 d6 7. O-O Bg4 8.
Nbd2 Bxf3 9. Qxf3 Qxf3 10. Nxf3 Nd4 11. Nxd4 Bxd4 12. Bxd4 exd4 13. f4
O-O-O 14. g3 c6 15. Bxf7 Rhf8 16. Be6+ Kc7 17. f5 d5 18. e5 g6 19. f6 Nc8
20. Bxc8 Rxc8 21. e6 Kd6 22. e7 Rfe8 23. Rae1 Rc7 24. f7 Rcxe7 25. fxe8=Q
Rxe8 26. Rxe8 Kd7 27. Rfe1 c5 28. R1e7+ Kc6 29. Rxh7 Kb5 30. Re6 a5 31.
Rxb7# { Black checkmated } 1-0

[Event "ICC tourney 2556 (25 5)"]
[Site "Internet Chess Club"]
[Date "2021.05.09"]
[Round "7"]
[White "ROBERT WICKS, COLIN:K05-16090713"]
[Black "KALE, VIHAAN:K05-16144616"]
[Result "1-0"]
[ICCResult "Black resigns"]
[WhiteElo "1624"]
[BlackElo "1175"]
[Opening "Caro-Kann: advance variation"]
[ECO "B12"]
[NIC "CK.04"]
[Time "15:30:43"]
[PlyCount "27"]
[TimeControl "1500+5"]

1. e4 c6 2. d4 d5 3. e5 Bf5 4. h4 Bd7 5. Nf3 e6 6. Bd3 c5 7. c3 Nc6 8. Bc2
cxd4 9. cxd4 Bb4+ 10. Nc3 Nge7 11. Bd2 Qc7 12. Nb5 Bxd2+ 13. Qxd2 Qc8 14.
Nd6+ { Black resigns } 1-0

[Event "ICC tourney 2556 (25 5)"]
[Site "Internet Chess Club"]
[Date "2021.05.09"]
[Round "7"]
[White "GASINSKY, JACOB:K05-16624648"]
[Black "MCGRORY, EAMONN:K05-16885888"]
[Result "1-0"]
[ICCResult "Black checkmated"]
[WhiteElo "807"]
[BlackElo "357"]
[Opening "Three knights game"]
[ECO "C46"]
[NIC "KP.06"]
[Time "15:31:12"]
[PlyCount "61"]
[TimeControl "1500+5"]

1. e4 e5 2. Nf3 Nc6 3. Nc3 Bc5 4. Bb5 a6 5. Bxc6 bxc6 6. Nxe5 Nf6 7. O-O
O-O 8. d4 Bb4 9. Bd2 d6 10. Nf3 Bg4 11. h3 Bf5 12. exf5 c5 13. dxc5 Bxc5
14. Bg5 h6 15. Bh4 g5 16. fxg6 fxg6 17. Nd5 Ne4 18. Bxd8 Rfxd8 19. Qd3 Nxf2
20. Rxf2 Bxf2+ 21. Kxf2 Rf8 22. Qxg6+ Kh8 23. Nf6 Rxf6 24. Qxf6+ Kh7 25.
Nh4 Rb8 26. Nf5 Rg8 27. Qf7+ Kh8 28. Ne7 Rg7 29. Qf8+ Kh7 30. Nf5 Rg8 31.
Qxh6# { Black checkmated } 1-0

[Event "ICC tourney 2556 (25 5)"]
[Site "Internet Chess Club"]
[Date "2021.05.09"]
[Round "7"]
[White "NANDWA, EMMANUEL:K05-16412848"]
[Black "SRINIVAS PEDDIBOYINA, AKSHAR:K05-16853620"]
[Result "1-0"]
[ICCResult "Black resigns"]
[WhiteElo "667"]
[BlackElo "197"]
[Opening "Giuoco Piano: four knights variation"]
[ECO "C47"]
[NIC "KP.06"]
[Time "15:30:55"]
[PlyCount "42"]
[TimeControl "1500+5"]

1. e4 e5 2. Nf3 Nc6 3. Nc3 Nf6 4. Bc4 Bc5 5. h3 d6 6. d3 Bd7 7. Bg5 h6 8.
Bh4 g5 9. Bg3 Qe7 10. O-O O-O-O 11. a4 Nh7 12. a5 a6 13. Na4 Nd4 14. Nxc5
dxc5 15. Nxd4 cxd4 16. Qf3 Nf6 17. Bxf7 Qxf7 18. Bxe5 Be8 19. Bxf6 Rg8 20.
Bxd8 Kxd8 21. Qxf7 Bxf7 { Black resigns } 1-0

[Event "ICC tourney 2556 (25 5)"]
[Site "Internet Chess Club"]
[Date "2021.05.09"]
[Round "7"]
[White "KODKANI, ARNAV:K05-16604473"]
[Black "DAS, AISHANI:K05-17316275"]
[Result "1-0"]
[ICCResult "Black checkmated"]
[WhiteElo "902"]
[BlackElo "469"]
[Opening "French defense"]
[ECO "C00"]
[NIC "FR.01"]
[Time "15:30:38"]
[PlyCount "39"]
[TimeControl "1500+5"]

1. e4 e6 2. Nc3 Nf6 3. Nf3 d5 4. exd5 exd5 5. d4 Bd6 6. Be2 O-O 7. O-O Nc6
8. h3 Bf5 9. Bg5 Nb4 10. Bd3 Nxd3 11. cxd3 c5 12. Nxd5 Be7 13. Nxe7+ Qxe7
14. Re1 Qd6 15. dxc5 Qc6 16. Nd4 Qa6 17. Nxf5 Nd7 18. Qg4 Qxd3 19. Bf6 Nxf6
20. Qxg7# { Black checkmated } 1-0

[Event "ICC tourney 2556 (25 5)"]
[Site "Internet Chess Club"]
[Date "2021.05.09"]
[Round "7"]
[White "KHAN, ARMAAN:K05-16945063"]
[Black "WEST, VIVIAN:K05-30142565"]
[Result "1-0"]
[ICCResult "Black checkmated"]
[WhiteElo "659"]
[BlackElo "101"]
[Opening "two knights defense: Wilkes Barre (Traxler) variation"]
[ECO "C57"]
[NIC "KP.01"]
[Time "15:30:52"]
[PlyCount "55"]
[TimeControl "1500+5"]

1. e4 e5 2. Nf3 Nc6 3. Bc4 Nf6 4. Ng5 Bc5 5. Nxf7 Qe7 6. Nxh8 d6 7. h3 Be6
8. Bxe6 Qxe6 9. O-O Nd4 10. c3 Nb5 11. Re1 Kd7 12. a4 Nd4 13. cxd4 exd4 14.
d3 Nxe4 15. Rxe4 Qd5 16. Qg4+ Kc6 17. Na3 Bxa3 18. bxa3 Qb3 19. Rxd4 Rxh8
20. Qf3+ Kc5 21. Rc4+ Kb6 22. Rb4+ Qxb4 23. axb4 c5 24. bxc5+ dxc5 25. Rb1+
Ka6 26. Qxb7+ Ka5 27. Bd2+ Kxa4 28. Ra1# { Black checkmated } 1-0

[Event "ICC tourney 2556 (25 5)"]
[Site "Internet Chess Club"]
[Date "2021.05.09"]
[Round "7"]
[White "JAVERI, KIAAN:K05-16378244"]
[Black "TAITT, ANAIYA:K05-16452296"]
[Result "1-0"]
[ICCResult "Black checkmated"]
[WhiteElo "915"]
[BlackElo "443"]
[Opening "Four knights: Scotch variation"]
[ECO "C47"]
[NIC "KP.06"]
[Time "15:31:06"]
[PlyCount "53"]
[TimeControl "1500+5"]

1. e4 e5 2. Nf3 Nc6 3. Nc3 Nf6 4. d4 Bd6 5. Bb5 O-O 6. Bxc6 dxc6 7. dxe5
Bxe5 8. Qxd8 Rxd8 9. Nxe5 Nxe4 10. Nxe4 Bg4 11. Nxg4 Rd4 12. f3 Rad8 13.
Bg5 R8d7 14. O-O f5 15. Be3 R4d5 16. Nc3 Re7 17. Nxd5 cxd5 18. Bc5 Re2 19.
Ne3 f4 20. Rfe1 Rd2 21. Rad1 b6 22. Rxd2 fxe3 23. Bxe3 d4 24. Bh6 d3 25.
Re7 gxh6 26. Rxd3 c5 27. Rd8# { Black checkmated } 1-0

[Event "ICC tourney 2556 (25 5)"]
[Site "Internet Chess Club"]
[Date "2021.05.09"]
[Round "7"]
[White "GALLEGE, REHAN:K05-16946930"]
[Black "JAIN, RAYAN:K05-17009798"]
[Result "1-0"]
[ICCResult "Black checkmated"]
[WhiteElo "1111"]
[BlackElo "829"]
[Opening "two knights defense: Fritz variation"]
[ECO "C57"]
[NIC "KP.01"]
[Time "15:30:27"]
[PlyCount "53"]
[TimeControl "1500+5"]

1. e4 e5 2. Nf3 Nc6 3. Bc4 Nf6 4. Ng5 d5 5. exd5 Nd4 6. c3 Nf5 7. d4 exd4
8. cxd4 Nxd5 9. Qb3 Nfe7 10. O-O c6 11. Nc3 Be6 12. Nxe6 fxe6 13. Re1 Qd7
14. Nxd5 cxd5 15. Bb5 Nc6 16. Bf4 O-O-O 17. Rac1 Bd6 18. Bxd6 Qxd6 19. Qc3
a6 20. Bxc6 b6 21. Bxd5+ Kb8 22. Bxe6 Rhe8 23. Bh3 Qxd4 24. Rxe8 Qxc3 25.
Rxd8+ Kb7 26. Rxc3 Ka7 27. Rc7# { Black checkmated } 1-0

[Event "ICC tourney 2556 (25 5)"]
[Site "Internet Chess Club"]
[Date "2021.05.09"]
[Round "7"]
[White "KATRAGADDA, SATVIK:K05-30033149"]
[Black "LI, AIDAN:K05-16624042"]
[Result "1-0"]
[ICCResult "Black checkmated"]
[WhiteElo "1070"]
[BlackElo "824"]
[Opening "KP: Patzer opening"]
[ECO "C20"]
[NIC "KP.10"]
[Time "15:30:27"]
[PlyCount "49"]
[TimeControl "1500+5"]

1. e4 e5 2. Qh5 Nc6 3. Bc4 g6 4. Qf3 Nf6 5. c3 Bg7 6. h3 O-O 7. h4 d6 8. d3
h6 9. h5 Nxh5 10. Rxh5 gxh5 11. Qxh5 Na5 12. Bd5 c6 13. Bb3 Nxb3 14. axb3
Qd7 15. f3 Qe7 16. Nh3 Bxh3 17. gxh3 Kh8 18. Qg4 d5 19. Qh5 dxe4 20. fxe4
Rg8 21. Bxh6 Qf6 22. Bg5+ Bh6 23. Bxf6+ Rg7 24. Qxh6+ Kg8 25. Qxg7# { Black
checkmated } 1-0

[Event "ICC tourney 2556 (25 5)"]
[Site "Internet Chess Club"]
[Date "2021.05.09"]
[Round "7"]
[White "LAYTON KOGAN, YELISEY:K05-17266128"]
[Black "IAROVICH, SHACHAR:K05-16865995"]
[Result "0-1"]
[ICCResult "White checkmated"]
[WhiteElo "759"]
[BlackElo "1051"]
[Opening "Giuoco Pianissimo: Italian four knights variation"]
[ECO "C50"]
[NIC "IG.02"]
[Time "15:31:23"]
[PlyCount "62"]
[TimeControl "1500+5"]

1. e4 e5 2. Nf3 Nc6 3. Bc4 Bc5 4. Nc3 Nf6 5. d3 h6 6. Qe2 O-O 7. Be3 Bxe3
8. Qxe3 d6 9. Nd5 Nxd5 10. Bxd5 Ne7 11. d4 exd4 12. Qxd4 Kh8 13. Bc4 Be6
14. Bd3 Qd7 15. e5 f5 16. Nh4 c5 17. Qxd6 Qxd6 18. exd6 Nd5 19. Ng6+ Kh7
20. Nxf8+ Rxf8 21. Rd1 Rd8 22. Bc4 Rxd6 23. Bxd5 Bxd5 24. c4 Re6+ 25. Kf1
Bxc4+ 26. Kg1 Bxa2 27. h3 f4 28. Ra1 Bd5 29. Rxa7 Rg6 30. Rh2 Re6 31. g4
Re1# { White checkmated } 0-1

[Event "ICC tourney 2556 (25 5)"]
[Site "Internet Chess Club"]
[Date "2021.05.09"]
[Round "7"]
[White "POLICELLI, CYRUS:K05-16341942"]
[Black "YANG, JON:K05-16665853"]
[Result "0-1"]
[ICCResult "White resigns"]
[WhiteElo "863"]
[BlackElo "1086"]
[Opening "Sicilian: Najdorf, Byrne (English) attack"]
[ECO "B90"]
[NIC "SI.14"]
[Time "15:30:53"]
[PlyCount "58"]
[TimeControl "1500+5"]

1. e4 c5 2. Nf3 d6 3. Nc3 Nf6 4. d4 cxd4 5. Nxd4 a6 6. Be3 e6 7. f3 Be7 8.
Nb3 Nbd7 9. Bc4 b5 10. Bd3 Bb7 11. a3 Qc7 12. Qd2 Rd8 13. O-O-O O-O 14. Qf2
Nc5 15. Nxc5 dxc5 16. Bg5 b4 17. axb4 cxb4 18. Ne2 a5 19. b3 Ra8 20. Bb5
Qe5 21. Bf4 Qxb5 22. Nd4 Qc5 23. e5 Nd5 24. Qg3 Nxf4 25. Qxf4 a4 26. bxa4
Rxa4 27. Nb3 Qc7 28. Kb2 Rfa8 29. Ra1 Qc3+ { White resigns } 0-1

[Event "ICC tourney 2556 (25 5)"]
[Site "Internet Chess Club"]
[Date "2021.05.09"]
[Round "7"]
[White "SUNDEEP, SASHA:K05-17150715"]
[Black "KOVARIK, OTTO:K05-30020818"]
[Result "0-1"]
[ICCResult "White checkmated"]
[WhiteElo "481"]
[BlackElo "900"]
[Opening "Four knights: Spanish, classical defense"]
[ECO "C48"]
[NIC "KP.03"]
[Time "15:30:50"]
[PlyCount "82"]
[TimeControl "1500+5"]

1. e4 e5 2. Nf3 Nc6 3. Nc3 Nf6 4. Bb5 Bc5 5. Bxc6 dxc6 6. d3 h6 7. O-O Bg4
8. Qe2 O-O 9. Be3 Bb4 10. a3 Bxc3 11. bxc3 Qe7 12. h3 Bh5 13. d4 exd4 14.
cxd4 Qxe4 15. Rae1 Nd5 16. c4 Nxe3 17. Qxe3 Qe8 18. Qxe8 Rfxe8 19. Rxe8+
Rxe8 20. Ne5 Rd8 21. d5 cxd5 22. cxd5 Rxd5 23. Nc4 Be2 24. Re1 Bxc4 25.
Re8+ Kh7 26. Ra8 Ra5 27. a4 Rxa4 28. Rb8 b5 29. Rc8 b4 30. Rxc7 Ra1+ 31.
Kh2 b3 32. Rxc4 b2 33. Rb4 b1=Q 34. Rg4 a5 35. f3 a4 36. Kg3 a3 37. Kf4 a2
38. Kg3 Qe1+ 39. Kf4 Rd1 40. Kf5 a1=Q 41. Kf4 Qf6# { White checkmated } 0-1

[Event "ICC tourney 2556 (25 5)"]
[Site "Internet Chess Club"]
[Date "2021.05.09"]
[Round "7"]
[White "JAYESH GANDHI, REYANSH:K05-16772340"]
[Black "KASERA, SAANVI:K05-16376033"]
[Result "1-0"]
[ICCResult "Black checkmated"]
[WhiteElo "721"]
[BlackElo "951"]
[Opening "Giuoco Piano"]
[ECO "C50"]
[NIC "IG.02"]
[Time "15:30:59"]
[PlyCount "61"]
[TimeControl "1500+5"]

1. e4 e5 2. Nf3 Nc6 3. Bc4 Bc5 4. Nc3 d6 5. O-O Bg4 6. Ne2 Bxf3 7. gxf3
Qg5+ 8. Ng3 Nd4 9. c3 Nc6 10. d4 exd4 11. Bxg5 dxc3 12. bxc3 Ne5 13. Qd5
Rb8 14. f4 c6 15. Qd1 Nxc4 16. Qb3 Nd2 17. Qb2 Nxf1 18. Rxf1 Nf6 19. c4 h6
20. Bxf6 gxf6 21. Qxf6 Rg8 22. Kh1 Rg6 23. Qh8+ Kd7 24. Qxb8 a5 25. Qxb7+
Ke6 26. f5+ Kf6 27. fxg6 Kxg6 28. f4 h5 29. f5+ Kh6 30. Qxf7 h4 31. Qg6# {
Black checkmated } 1-0

[Event "ICC tourney 2556 (25 5)"]
[Site "Internet Chess Club"]
[Date "2021.05.09"]
[Round "7"]
[White "SHASTI RAVISHANKAR, SEIYON:K05-17047610"]
[Black "HARDIKAR, RISHI:K05-17067607"]
[Result "0-1"]
[ICCResult "White checkmated"]
[WhiteElo "705"]
[BlackElo "255"]
[Opening "QP counter-gambit (elephant gambit)"]
[ECO "C40"]
[NIC "KP.10"]
[Time "15:30:48"]
[PlyCount "52"]
[TimeControl "1500+5"]

1. e4 e5 2. Nf3 d5 3. Nc3 Nf6 4. d3 h6 5. Be3 d4 6. Bxd4 exd4 7. Nb5 Nc6 8.
Be2 Bb4+ 9. Kf1 a6 10. Nbxd4 Nxd4 11. Ne5 h5 12. c3 Bg4 13. f3 Nxe2 14.
fxg4 Bxc3 15. bxc3 Nxc3 16. Qc1 Nb5 17. Qd1 hxg4 18. Qb3 O-O 19. Ke2 Nd4+
20. Ke3 Nxb3 21. Raf1 Qd4+ 22. Ke2 Qxe5 23. Rhg1 Nd4+ 24. Kd2 Qxh2 25. Rh1
Qxg2+ 26. Ke1 Qe2# { White checkmated } 0-1

[Event "ICC tourney 2556 (25 5)"]
[Site "Internet Chess Club"]
[Date "2021.05.09"]
[Round "7"]
[White "HU, ANDREW:K05-30094774"]
[Black "KURUP, SIDDHARTH:K05-16282415"]
[Result "0-1"]
[ICCResult "White resigns"]
[WhiteElo "1135"]
[BlackElo "1548"]
[Opening "Caro-Kann: classical variation"]
[ECO "B18"]
[NIC "CK.10"]
[Time "15:30:08"]
[PlyCount "76"]
[TimeControl "1500+5"]

1. e4 c6 2. d4 d5 3. Nc3 dxe4 4. Nxe4 Bf5 5. Ng3 Bg6 6. Nf3 Nd7 7. Bc4 e6
8. O-O Ngf6 9. Ne5 Be7 10. Bg5 O-O 11. Re1 Nd5 12. Bxe7 Qxe7 13. f4 Nxf4
14. Rf1 Nxe5 15. dxe5 Nd5 16. Bd3 Ne3 17. Qe2 Nxf1 18. Rxf1 Bxd3 19. Qxd3
Rfd8 20. Qe3 Rd5 21. c4 Qc5 22. Qxc5 Rxc5 23. b3 Rxe5 24. Rd1 b5 25. cxb5
cxb5 26. Kf2 Rd5 27. Rc1 Rd2+ 28. Ke1 Rxg2 29. Ne4 Rxh2 30. Rc3 f5 31. Nf2
Rd8 32. Rc6 Kf7 33. Rc7+ Kf6 34. Rxa7 Rc8 35. a4 bxa4 36. bxa4 Rc2 37. a5
Rhxf2 38. a6 Rh2 { White resigns } 0-1

[Event "ICC tourney 2556 (25 5)"]
[Site "Internet Chess Club"]
[Date "2021.05.09"]
[Round "7"]
[White "CLARO, LUKE:K05-30079195"]
[Black "RAGHAV JEGAN, ASHWIN:K05-16548454"]
[Result "1-0"]
[ICCResult "Black checkmated"]
[WhiteElo "931"]
[BlackElo "668"]
[Opening "Scotch: Lolli variation"]
[ECO "C44"]
[NIC "KP.10"]
[Time "15:31:05"]
[PlyCount "53"]
[TimeControl "1500+5"]

1. e4 e5 2. Nf3 Nc6 3. d4 Nxd4 4. Nxd4 exd4 5. Qxd4 Nf6 6. Bg5 Be7 7. e5 h6
8. exf6 Bxf6 9. Bxf6 Qxf6 10. Qxf6 gxf6 11. Nc3 d6 12. Nd5 Kd7 13. Nxf6+
Kd8 14. O-O-O Ke7 15. Nd5+ Kf8 16. Nxc7 Rb8 17. Rxd6 Ke7 18. Rd4 Rg8 19.
Bc4 Rxg2 20. Re1+ Kf8 21. Rf4 Bd7 22. Rxf7+ Kg8 23. Rxd7+ Kh8 24. Ree7 Rg1+
25. Kd2 Rd1+ 26. Kxd1 Rc8 27. Rh7# { Black checkmated } 1-0

[Event "ICC tourney 2556 (25 5)"]
[Site "Internet Chess Club"]
[Date "2021.05.09"]
[Round "7"]
[White "MAASAI DANIELS, INDIGO:K05-30096534"]
[Black "CHANG, LUCA:K05-16081600"]
[Result "0-1"]
[ICCResult "White resigns"]
[WhiteElo "1100"]
[BlackElo "1533"]
[Opening "Sicilian: Alapin's variation (2.c3)"]
[ECO "B22"]
[NIC "SI.47"]
[Time "15:31:03"]
[PlyCount "51"]
[TimeControl "1500+5"]

1. e4 c5 2. c3 Nf6 3. e5 Nd5 4. d4 cxd4 5. cxd4 e6 6. Nf3 Nc6 7. Nc3 d6 8.
Nxd5 exd5 9. Bb5 Qa5+ 10. Bd2 Qxb5 11. b3 Bg4 12. a4 Qb6 13. O-O Nxd4 14.
Be3 dxe5 15. h3 Bxf3 16. gxf3 Bc5 17. a5 Qxb3 18. Qxb3 Nxb3 19. Rab1 Bxe3
20. Rxb3 Bd4 21. Re1 O-O 22. Rxb7 Rab8 23. Rd7 Rfd8 24. Re7 Kf8 25. Rc7 Rb2
26. f4 { White resigns } 0-1

[Event "ICC tourney 2556 (25 5)"]
[Site "Internet Chess Club"]
[Date "2021.05.09"]
[Round "7"]
[White "CARDOSO, KARELY:K05-16268846"]
[Black "WILLIAMS, DIMITRI:K03-17266018"]
[Result "1-0"]
[ICCResult "Black checkmated"]
[WhiteElo "713"]
[BlackElo "273"]
[Opening "King's knight opening"]
[ECO "C40"]
[NIC "KP.10"]
[Time "15:31:00"]
[PlyCount "59"]
[TimeControl "1500+5"]

1. e4 e5 2. Nf3 Bc5 3. d4 Bb4+ 4. Nc3 Nc6 5. d5 Nf6 6. Bb5 a6 7. Ba4 b5 8.
Bb3 Nd4 9. Nxd4 exd4 10. Qxd4 c5 11. Qd1 c4 12. Bxc4 bxc4 13. O-O O-O 14.
e5 Bxc3 15. bxc3 Nxd5 16. Qxd5 Rb8 17. Qxc4 d5 18. Qd4 f6 19. exf6 gxf6 20.
Ba3 Re8 21. Rad1 Re4 22. Qd3 Rh4 23. h3 Qc7 24. Qxd5+ Kg7 25. Rfe1 Bxh3 26.
Re7+ Kf8 27. Rxc7+ Ke8 28. Re1+ Re4 29. Rxe4+ Be6 30. Rxe6# { Black
checkmated } 1-0

[Event "ICC tourney 2556 (25 5)"]
[Site "Internet Chess Club"]
[Date "2021.05.09"]
[Round "7"]
[White "ARJI, SAMARTH:K05-16959461"]
[Black "QIAO, MASON:K05-17196377"]
[Result "0-1"]
[ICCResult "White checkmated"]
[WhiteElo "457"]
[BlackElo "957"]
[Opening "Petrov three knights game"]
[ECO "C42"]
[NIC "RG.01"]
[Time "15:30:44"]
[PlyCount "58"]
[TimeControl "1500+5"]

1. e4 e5 2. Nf3 Nf6 3. Nc3 Bc5 4. Bc4 d6 5. O-O Bg4 6. h3 Bh5 7. d3 Nc6 8.
Bg5 Nd4 9. Nxd4 Bxd1 10. Raxd1 Bxd4 11. Nd5 c6 12. Nxf6+ gxf6 13. Bh4 Rg8
14. b4 Qd7 15. Kh2 d5 16. exd5 cxd5 17. Bb3 Rg6 18. Rde1 O-O-O 19. c4 Rdg8
20. Rg1 dxc4 21. Bxc4 Rh6 22. Rc1 Kb8 23. Bxf6 Rxf6 24. a4 Rfg6 25. Bb5 Qd6
26. a5 Bxf2 27. Rgf1 Rxg2+ 28. Kh1 e4 29. dxe4 Qh2# { White checkmated }
0-1

[Event "ICC tourney 2556 (25 5)"]
[Site "Internet Chess Club"]
[Date "2021.05.09"]
[Round "7"]
[White "ARORA, RANBEER:K05-15760434"]
[Black "KRISHNAN, MIHIKA:K05-16596204"]
[Result "1-0"]
[ICCResult "Black checkmated"]
[WhiteElo "1521"]
[BlackElo "1094"]
[Opening "Queen's pawn, Mason variation"]
[ECO "D00"]
[NIC "QP.08"]
[Time "15:30:36"]
[PlyCount "81"]
[TimeControl "1500+5"]

1. d4 d5 2. Bf4 e6 3. e3 Nf6 4. Nf3 c5 5. Nc3 Nc6 6. Nb5 Qa5+ 7. c3 e5 8.
dxe5 Nh5 9. e6 Nxf4 10. exf7+ Kxf7 11. exf4 a6 12. Ng5+ Ke8 13. Na3 d4 14.
Qb3 dxc3 15. Qf7+ Kd8 16. O-O-O+ Nd4 17. Qd5+ Ke8 18. Re1+ Be7 19. Qf7+ Kd7
20. Qxe7+ Kc6 21. Qe4+ Kb6 22. Nc4+ Kb5 23. Nxa5+ Kxa5 24. bxc3 Bf5 25. Qd5
Nb5 26. Qxf5 Raf8 27. Qxc5 Rc8 28. Qb4+ Kb6 29. Re6+ Ka7 30. Bxb5 axb5 31.
Qxb5 Rxc3+ 32. Kb2 Rhc8 33. Qa5+ Kb8 34. Qxc3 Rxc3 35. Kxc3 h6 36. Nf7 Kc8
37. Re7 Kb8 38. Rb1 Kc8 39. Rbxb7 g5 40. Rbd7 gxf4 41. Rd8# { Black
checkmated } 1-0

[Event "ICC tourney 2556 (25 5)"]
[Site "Internet Chess Club"]
[Date "2021.05.09"]
[Round "7"]
[White "SAHASRABUDHE, KIAN:K05-17071227"]
[Black "SCHMELZER, ZACHARY:K05-16849843"]
[Result "1-0"]
[ICCResult "Black checkmated"]
[WhiteElo "121"]
[BlackElo "620"]
[Opening "Four knights: Spanish variation"]
[ECO "C48"]
[NIC "KP.03"]
[Time "15:31:20"]
[PlyCount "137"]
[TimeControl "1500+5"]

1. e4 e5 2. Nf3 Nf6 3. Nc3 Nc6 4. Bb5 d6 5. d4 exd4 6. Nxd4 Bd7 7. Nxc6
Bxc6 8. Bxc6+ bxc6 9. O-O Be7 10. Bf4 O-O 11. e5 dxe5 12. Qxd8 Raxd8 13.
Bxe5 Ng4 14. Bxc7 Rd2 15. Rac1 Bb4 16. Bg3 Bxc3 17. bxc3 Rfd8 18. Bf4 Re2
19. h3 Nf6 20. Be3 Ne4 21. Bd4 Nd2 22. Rfe1 Rxe1+ 23. Rxe1 Rc8 24. a3 c5
25. Be3 Nc4 26. Bxc5 Nxa3 27. Bxa3 h6 28. Bb4 Ra8 29. Ra1 Kh7 30. c4 Kg6
31. c5 Kf6 32. Kf1 Ke7 33. Ke2 Kd7 34. Kd3 Kc6 35. Kc4 a6 36. Ba5 f5 37.
Re1 Rb8 38. Re6+ Kd7 39. Rxa6 Re8 40. Ra7+ Kc6 41. Rxg7 Re4+ 42. Kd3 Kxc5
43. Rg6 Rd4+ 44. Ke2 Re4+ 45. Kf1 Ra4 46. Rf6 Rxa5 47. Rxf5+ Kb4 48. Rxa5
Kxa5 49. Ke2 Kb6 50. Kf3 Kc6 51. Kf4 Kd6 52. Kf5 Ke7 53. Kg6 Ke8 54. Kxh6
Kf8 55. g4 Kg8 56. g5 Kf8 57. g6 Kg8 58. g7 Kf7 59. Kh7 Kf6 60. g8=Q Ke5
61. c4 Kd6 62. Qc8 Ke5 63. c5 Kd5 64. c6 Kd6 65. Qd7+ Kc5 66. c7 Kb6 67.
c8=Q Ka5 68. Qdb7 Ka4 69. Qca8# { Black checkmated } 1-0